 Dungeon Crawl Stone Soup version 0.20-a0-1122-gb7cbeb9 (webtiles) character file.

123 Hook the Sneak (level 5, -7/26 HPs)
             Began as a Vine Stalker Assassin on May 11, 2017.
             Mangled by PeterMcNeter's ghost (9 damage)
             ... on level 3 of the Dungeon.
             The game lasted 00:07:14 (2006 turns).

Hook the Sneak (Vine Stalker Assassin)              Turns: 2006, Time: 00:07:14

Health: -7/26      AC: 11    Str: 15    XL:     5   Next: 7%
Magic:  0/6        EV: 12    Int: 11    God:
Gold:   165        SH:  0    Dex: 15    Spells: 4/4 levels left

rFire    . . .     SeeInvis .   j - +1 dagger (protect)
rCold    . . .     Gourm    .   (no shield)
rNeg     . . .     Faith    .   c - +0 robe
rPois    +         Spirit   +   (no helmet)
rElec    .         Reflect  .   d - +1 cloak
rCorr    .         Harm     .   (no gloves)
MR       .....                  (no boots)
Stlth    +++.......             (no amulet)
Regen    0.5/turn               v - ring of poison resistance
MPRegen  0.1/turn               (no ring)

@: protection aura
A: fangs 2, regeneration 1, magic shield, antimagic bite, no potion heal 3, rot
immunity
a: no special abilities


You were on level 3 of the Dungeon.
You were hungry.

You visited 1 branch of the dungeon, and saw 3 of its levels.

You collected 165 gold pieces.

Inventory:

Hand Weapons
 a - a +2 dagger
 b - a +0 blowgun
 j - a +1 dagger of protection (weapon)
Missiles
 e - 8 poisoned needles
 f - 2 curare-tipped needles
Armour
 c - a +0 robe (worn)
 d - a +1 cloak (worn)
Jewellery
 v - a ring of poison resistance (left hand)
Wands
 o - a wand of confusion (48/48)
Scrolls
 h - a scroll of random uselessness
 n - a scroll of identify {unknown}
Potions
 i - a potion of berserk rage {unknown}
 k - 2 potions of haste {unknown}
 m - 2 potions of curing {unknown}
 p - a potion of heal wounds {unknown}
 t - a potion of ambrosia {unknown}
 u - a potion of mutation {unknown}
Comestibles
 g - 2 bread rations
 l - 2 meat rations
 r - 7 fruits
 s - a royal jelly


   Skills:
 * Level 2.2 Fighting
 + Level 2.2 Short Blades
 + Level 2.0 Throwing
 + Level 1.1 Dodging
 * Level 6.9 Stealth


You had 4 spell levels left.
You didn't know any spells.

Dungeon Overview and Level Annotations

Branches:
Dungeon (3/15)

Altars:
Qazlal

Annotations:
D:3 PeterMcNeter's ghost, amateur TrFi


Innate Abilities, Weirdness & Mutations

You have extremely sharp teeth.
Your natural rate of healing is unusually fast.
When hurt, damage is shared between your health and your magic reserves.
Your bite disrupts and absorbs the magic of your enemies.
Potions cannot restore your health.
You are immune to rotting.


Message History

You hit PeterMcNeter's ghost but do no damage.
You bite PeterMcNeter's ghost, but do no damage.
PeterMcNeter's ghost is moderately damaged.
You hit PeterMcNeter's ghost. Your bite misses PeterMcNeter's ghost.
PeterMcNeter's ghost is moderately damaged.
PeterMcNeter's ghost wails.
PeterMcNeter's ghost misses you.
You hit PeterMcNeter's ghost but do no damage.
PeterMcNeter's ghost is moderately damaged.
PeterMcNeter's ghost hits you!
* * * LOW HITPOINT WARNING * * *
You hit PeterMcNeter's ghost.
PeterMcNeter's ghost is moderately damaged.
PeterMcNeter's ghost hits you.
* * * LOW HITPOINT WARNING * * *
You hit PeterMcNeter's ghost but do no damage.
You bite PeterMcNeter's ghost. You drain its power.
You feel invigorated.
PeterMcNeter's ghost is moderately damaged.
PeterMcNeter's ghost hits you!
You die...

###.#.#....# #....#..#.##
#.....##...###...##..#.##
#.....##....#....#..##.#
#.....###.......##,**#.#
#.....# #)<.8.>.#*,* #.#
#.....###.()....##,* #.#
#.....##....#....#,* #.##
#.....##(W.###...##* #...
##.....#.@..#
#....####..#
#........8.##
##.8...##..# #.##.###...#
#...#....## #.##.# ##+##
##.##..#.# #.##.# *,,*
#....##.# #.##.# **,**
####.##.#* #.##.# *,,****
*#.##.#, #.##.# **,,,,*
*..##.., #.#..# ****,*
**..#...*


You could see PeterMcNeter's ghost.

Vanquished Creatures
  5 adders (D:2)
  An ooze (D:1)
  2 worms (D:2)
  3 leopard geckos (D:1)
  An orc (D:3)
  3 giant cockroaches
  5 goblins
  7 hobgoblins
  4 jackals (D:3)
  8 kobolds
  2 quokkas (D:2)
  8 bats
  5 frilled lizards
  13 rats
67 creatures vanquished.

Vanquished Creatures (others)
  A leopard gecko (D:1)
  A bat (D:1)
2 creatures vanquished.

Grand Total: 69 creatures vanquished

Notes
Turn   | Place    | Note
-------+----------+-------------------------------------------
     0 | D:1      | Hook the Vine Stalker Assassin began the quest for the Orb.
     0 | D:1      | Reached XP level 1. HP: 11/11 MP: 2/2
    53 | D:1      | Reached skill level 5 in Stealth
    76 | D:1      | Reached XP level 2. HP: 8/15 MP: 3/3
   468 | D:1      | Reached XP level 3. HP: 18/18 MP: 4/4
   612 | D:1      | Reached skill level 6 in Stealth
  1201 | D:2      | Reached skill level 1 in Dodging
  1256 | D:2      | Gained mutation: Your natural rate of healing is unusually fast. [Vine Stalker growth]
  1256 | D:2      | Reached XP level 4. HP: 21/23 MP: 5/5
  1432 | D:2      | Found a stormy altar of Qazlal.
  1845 | D:3      | Reached XP level 5. HP: 26/26 MP: 6/6
  1980 | D:3      | Noticed PeterMcNeter's ghost (amateur TrFi)
  2006 | D:3      | Mangled by PeterMcNeter's ghost

Vault maps used:
D:1:      shiori_shiawase, lemuel_old_faithful
D:2:      minmay_misc_feat_tiny, grunt_qazlal_sundering
D:3:      first_bread, grunt_ministairs_13

Skill      XL: |  1  2  3  4 |
---------------+-------------+-----
Stealth        | 5 6 |  6.9
Fighting       | 2 |  2.2
Dodging        | 1 |  1.1
Short Blades   | 2 |  2.2
Throwing       | 2 |  2.0

Action                   |  1- 3 |  4- 6 || total
-------------------------+-------+-------++-------
Melee: Dagger            |   112 |   102 ||   214
       Bite              |    34 |    26 ||    60
 Fire: Blowgun           |     4 |     4 ||     8
  Use: Scroll            |       |     6 ||     6
 Stab: Sleeping          |     7 |     7 ||    14
  Eat: Chunk             |     1 |     2 ||     3
Armor: Robe              |    21 |    27 ||    48
Dodge: Dodged            |    57 |    68 ||   125
